General information
- name: BNet
- type: Ladder 1vs1/FFA
- host: Battle.net
- saver: BEAR_AND
map: TurtleRock
- players: 2
- length: 20:12
- speed: Fast
- version: 1.21 W3XP
- replay type:

» download(72 KB)
Players
team 1 (loser)
QueensOwnRifles (
green | 112 APM | 2259 actions | 20:11)
4 Archmage
2 Summon Water Elemental
2 Brilliance Aura
3 Mountain King
2 Storm Bolt
1 Bash
» actions
| Assign group hotkey | 34 | |
| Basic commands | 58 | |
| Build / train | 73 | |
| Enter build submenu | 29 | |
| Enter hero's abilities submenu | 7 | |
| Right click | 894 | |
| Select / deselect | 362 | |
| Select group hotkey | 716 | |
| Use ability | 86 | |
2259 total
» units
| Peasant | 13 | |
| Footman | 6 | |
| Rifleman | 2 | |
| Knight | 4 | |
| Flying Machine | 9 | |
| Gryphon Rider | 5 | |
| Dragonhawk Rider | 3 | |
42 total
» upgrades
| Lumber Harvesting | 1 | |
| Animal War Training | 1 | |
| Flak Cannons | 1 | |
| Storm Hammers | 1 | |
4 total
» buildings
| Altar of Kings | 1 | |
| Barracks | 1 | |
| Farm | 13 | |
| Scout Tower | 2 | |
| Arcane Tower | 1 | |
| Keep | 1 | |
| Lumber Mill | 1 | |
| Arcane Vault | 1 | |
| Castle | 1 | |
| Blacksmith | 1 | |
| Guard Tower | 2 | |
| Workshop | 1 | |
| Gryphon Aviary | 2 | |
28 total
» build order
00:09 Altar of Kings
00:19 Barracks
00:34 Farm
00:50 Farm
01:45 Farm
02:03 Scout Tower
02:46 Arcane Tower
03:35 Keep
03:40 Farm
03:46 Lumber Mill
03:51 Farm
04:15 Arcane Vault
05:29 Farm
06:44 Castle
06:51 Blacksmith
07:00 Scout Tower
07:31 Guard Tower
07:31 Guard Tower
08:21 Workshop
08:25 Farm
08:41 Farm
09:14 Farm
10:54 Gryphon Aviary
11:17 Gryphon Aviary
14:22 Farm
14:25 Farm
15:19 Farm
17:38 Farm
» items
| Scroll of Regeneration | 4 | |
| Potion of Lesser Invulnerability | 2 | |
| Scroll of Healing | 1 | |
| Potion of Healing | 2 | |
| Staff of Sanctuary | 2 | |
11 total
team 2 (winner)
BEAR_AND (
pink | 96 APM | 1950 actions | 20:12)
6 Death Knight
3 Death Coil
2 Unholy Aura
1 Animate Dead
» actions
| Assign group hotkey | 34 | |
| Basic commands | 5 | |
| Build / train | 62 | |
| Enter build submenu | 21 | |
| Enter hero's abilities submenu | 6 | |
| Remove unit from queue | 6 | |
| Right click | 1102 | |
| Select / deselect | 376 | |
| Select group hotkey | 289 | |
| Use ability | 49 | |
1950 total
» units
| Acolyte | 6 | |
| Ghoul | 8 | |
| Meatwagon | 5 | |
| Necromancer | 7 | |
| Gargoyle | 6 | |
| Frost Wyrm | 3 | |
35 total
» upgrades
| Unholy Strength | 2 | |
| Unholy Armor | 2 | |
| Necromancer Training | 1 | |
| Skeletal Longevity | 1 | |
| Exhume Corpses | 1 | |
| Disease Cloud | 1 | |
8 total
» buildings
| Crypt | 1 | |
| Ziggurat | 7 | |
| Altar of Darkness | 1 | |
| Tomb of Relics | 1 | |
| Halls of the Dead | 1 | |
| Graveyard | 1 | |
| Slaughterhouse | 2 | |
| Temple of the Damned | 1 | |
| Black Citadel | 1 | |
| Sacrificial Pit | 1 | |
| Boneyard | 2 | |
19 total
» build order
00:18 Crypt
00:21 Ziggurat
00:45 Altar of Darkness
01:08 Ziggurat
01:43 Tomb of Relics
03:40 Halls of the Dead
04:52 Ziggurat
05:07 Graveyard
05:53 Ziggurat
06:36 Slaughterhouse
06:41 Temple of the Damned
07:01 Black Citadel
07:05 Slaughterhouse
12:02 Sacrificial Pit
13:29 Boneyard
13:30 Boneyard
14:25 Ziggurat
14:26 Ziggurat
16:28 Ziggurat
» items
| Rod of Necromancy | 1 | |
| Boots of Speed | 3 | |
4 total
Chat log
(00:02 / All) BEAR_AND: hang on a minute
(00:04 / All) QueensOwnRifles: oh shi
(00:07 / All) BEAR_AND: snarker just said your name
(00:14 / All) BEAR_AND: are u goon
(00:22 / All) QueensOwnRifles: gl hf
(00:24 / All) QueensOwnRifles: posting this
(00:27 / All) BEAR_AND: fyi
(00:30 / All) BEAR_AND: i am lossbotting???
(00:34 / All) BEAR_AND: i guess i will play??!??
(00:35 / All) QueensOwnRifles: dont
(00:37 / All) QueensOwnRifles: faggot
(00:53 / All) BEAR_AND: well undead is gay as heck
(01:51 / All) BEAR_AND: what race were you
(01:56 / All) QueensOwnRifles: hu
(01:58 / All) BEAR_AND: ok
(06:14 / All) QueensOwnRifles: o come on
(10:55 / All) QueensOwnRifles: oh shi
(20:06 / All) QueensOwnRifles: gg
(20:08 / All) BEAR_AND: gg